 Dungeon Sprint DCSS version 0.30-a0-1160-g6e42c06551 (webtiles) character file.

Game seed: 2058935962648800481

109 Djinni the Insei (level 5, -4/38 HPs)
             Began as a Djinni Transmuter on Apr 25, 2023.
             Was an Initiate of Jiyva.
             Slain by a two-headed ogre
             ... wielding a +0 giant club
              (8 damage)
             ... in the Dungeon (Sprint IX: "|||||||||||||||||||||||||||||").
             The game lasted 00:04:09 (292 turns).

Djinni the Insei (Djinni Transmuter)                 Turns: 292, Time: 00:04:10

Health: -4/38      AC: 10    Str: 14    XL:     5   Next: 13%
Gold:   0          EV: 14    Int: 15    God:    Jiyva [......] SH:  0 Dex: 16

rFire   + + .        j - +2 dire flail (protect)
rCold   x . .        (shield currently unavailable)
rNeg    . . .        a - +0 robe
rPois   ∞            (no helmet)
rElec   .            (no cloak)
rCorr   .            q - +0 pair of gloves
SInv    .            (boots unavailable)
Will    .....        (no amulet)
Stlth   +            t - +3 ring of strength
HPRegen 0.26/turn    u - +3 ring of dexterity
MPRegen 0.00/turn

%: no teleportation, infuse magic (-5 HP)
@: wereblooded, under a protective aura, flying, very slightly contaminated,
invisible (expiring)
A: sickness immunity, fire resistance 2, cold vulnerability 1, float, innate
caster, HP casting, extra vitality 1
a: Renounce Religion


You were in the Dungeon.
You worshipped Jiyva.
Jiyva was noncommittal.
You visited 1 branch

Inventory:

Hand Weapons
 i - a +1 heavy broad axe
 j - a +2 dire flail of protection (weapon)
 k - a +2 halberd of venom
 l - a +0 lajatang
 m - a +2 rapier of draining
 n - the +2 scimitar of Guilt {heavy, Fragile rElec rC+ rCorr}
   (You found it in the Dungeon)

   rC:        It protects you from cold.
   rElec:     It insulates you from electricity.
   rCorr:     It protects you from acid and corrosion.
   Fragile:   It will be destroyed if unequipped.
Armour
 a - a +0 robe (worn)
 q - a +0 pair of gloves (worn)
 r - a +0 pair of gloves
 s - a +1 chain mail
Jewellery
 t - a +3 ring of strength (left hand)
 u - a +3 ring of dexterity (right hand)
Wands
 h - a wand of acid (10)
Scrolls
 g - 2 scrolls of blinking
 o - 2 scrolls of amnesia
Potions
 b - a potion of lignification
 c - 5 potions of curing
 e - a potion of haste
 f - 2 potions of heal wounds
 p - 2 potions of magic


   Skills:
 + Level 1.8 Fighting
 * Level 0.0 Maces & Flails
 + Level 4.9 Dodging
 - Level 7.4 Unarmed Combat
 + Level 3.5 Spellcasting


You knew the following spells:

 Your Spells              Type           Power      Damage    Failure   Level
a - Beastly Appendage     Tmut           26%        N/A       4%          1
b - Wereblood             Tmut           13%        N/A       7%          2
c - Spider Form           Tmut/Pois      13%        N/A       13%         3
d - Ice Form              Ice/Tmut       13%        N/A       41%         4
e - Sandblast             Erth           26%        2d8       4%          1
f - Passwall              Tmut/Erth      10%        N/A       7%          2
Your spell library was empty.

Dungeon Overview and Level Annotations

Branches:
Dungeon (1/1)

Altars:
Cheibriados
Dithmenos
Elyvilon
Fedhas
Gozag
Hepliaklqana
Makhleb
Nemelex Xobeh
Okawaru
Qazlal
Ru
Trog
Uskayaw
Wu Jian
Xom
Yredelemnul
Zin
The Shining One
Jiyva
Lugonu


Innate Abilities, Weirdness & Mutations

You are immune to sickness and miasma.
You are immune to poison.
Your flesh is very heat resistant. (rF++)
You are vulnerable to cold. (rC-)
You float through the air rather than walking.
You learn spells naturally, not from books.
Your magical power is your life essence.
You have superior vitality. (+4 MHP)


Message History

You continue putting on your +1 chain mail. x5
You finish putting on your +1 chain mail.
You start removing your armour.
You continue taking off your +1 chain mail. x4
You finish taking off your +1 chain mail.
You start putting on your armour.
You continue putting on your +0 robe. x5
You finish putting on your +0 robe.
You feel stronger.
t - a +3 ring of strength (left hand)
You feel agile.
u - a +3 ring of dexterity (right hand)
You fade into invisibility!
You reach down and open the door.
An acid dragon, a gnoll sergeant, 2 orcs and 2 two-headed ogres come into view.
The two-headed ogre shouts in stereo!
The orc warrior shouts!
The orc wizard shouts! x2; The gnoll sergeant shouts!
The two-headed ogre shouts in stereo!
Your blood is infused with primal strength.
You miscast Beastly Appendage.
You are very lightly contaminated with residual magic.
Nothing appears to happen.
The orc warrior closely misses you.
You miscast Beastly Appendage.
Nothing appears to happen.
The orc warrior hits you with a +0 dire flail.
Casting: Beastly Appendage (safe; 4% risk of failure)
Confirm with . or Enter, or press ? or * to list all spells.
You miscast Beastly Appendage.
Nothing appears to happen.
The orc warrior barely misses you.
You barely miss the orc warrior.
You flicker for a moment.
You barely miss the two-headed ogre. The two-headed ogre misses you.
The two-headed ogre hits you with a +0 giant club!!
Ouch! That really hurt!
* * * LOW HITPOINT WARNING * * *
You hit the two-headed ogre.
Your weapon exudes an aura of protection.
The two-headed ogre is lightly wounded.
You sock the two-headed ogre!
The two-headed ogre is moderately wounded.
The two-headed ogre hits you with a +0 giant club!
You die...

▓.▓
▓'▓
▓o▓
▓.▓
▓.▓
▓.▓
▓o▓
▓O▓
▓@▓
▓.▓
▓.▓
▓'▓
▓_▓
▓_▓
▓_▓
▓_▓
▓_▓


You could see a two-headed ogre (unable to see you), an orc warrior (unable to
see you) and an orc wizard (unable to see you).

Vanquished Creatures
  A scorpion (D)
  A hound (D)
  An adder (D)
  A dart slug (D)
  An orc (D)
  2 hobgoblins (D)
  2 jackals (D)
  A kobold (D)
10 creatures vanquished.

Vanquished Creatures (others)
  A slime creature (D)
1 creature vanquished.

Grand Total: 11 creatures vanquished

Notes
Turn   | Place    | Note
-------+----------+-------------------------------------------
     0 | D        | Djinni the Djinni Transmuter began the quest for the Orb.
     0 | D        | Djinni set off with the following spells memorised: Beastly
                  | Appendage, Wereblood, Spider Form, Ice Form.
     0 | D        | Reached XP level 1. HP: 17/17 MP: 0/0
    25 | D        | Reached XP level 2. HP: 8/22 MP: 0/0
    94 | D        | Noticed a scorpion
   110 | D        | HP: 1/22 [dart slug/slug dart (5)]
   112 | D        | Reached skill level 4 in Unarmed Combat
   116 | D        | Reached XP level 3. HP: 3/27 MP: 0/0
   116 | D        | Learned a level 1 spell: Sandblast
   122 | D        | Killed a scorpion
   123 | D        | Reached skill level 6 in Unarmed Combat
   123 | D        | Reached XP level 4. HP: 32/32 MP: 0/0
   129 | D        | Reached skill level 7 in Unarmed Combat
   129 | D        | Reached XP level 5. HP: 38/38 MP: 0/0
   129 | D        | Learned a level 2 spell: Passwall
   170 | D        | Found a snail-covered altar of Cheibriados.
   170 | D        | Found a shadowy altar of Dithmenos.
   170 | D        | Found a white marble altar of Elyvilon.
   170 | D        | Found a blossoming altar of Fedhas.
   170 | D        | Found an opulent altar of Gozag.
   171 | D        | Found a hazy altar of Hepliaklqana.
   172 | D        | Found a viscous altar of Jiyva.
   174 | D        | Found a corrupted altar of Lugonu.
   175 | D        | Found a burning altar of Makhleb.
   176 | D        | Found a sparkling altar of Nemelex Xobeh.
   177 | D        | Found an iron altar of Okawaru.
   178 | D        | Found a stormy altar of Qazlal.
   179 | D        | Found a sacrificial altar of Ru.
   181 | D        | Found a bloodstained altar of Trog.
   182 | D        | Found a hide-covered altar of Uskayaw.
   184 | D        | Found an ornate altar of the Wu Jian Council.
   185 | D        | Found a shimmering altar of Xom.
   186 | D        | Found a basalt altar of Yredelemnul.
   187 | D        | Found a glowing silver altar of Zin.
   188 | D        | Found a glowing golden altar of the Shining One.
   204 | D        | Became a worshipper of Jiyva Jiucsox the Shapeless
   206 | D        | Killed a slime creature
   231 | D        | Got the +2 scimitar of Guilt {heavy, Fragile rElec rC+
                  | rCorr}
   278 | D        | Noticed an acid dragon
   278 | D        | Noticed a two-headed ogre
   278 | D        | Noticed an orc warrior
   278 | D        | Noticed a two-headed ogre
   292 | D        | Slain by a two-headed ogre

Illustrated notes

Levels and vault maps discovered:
D:        linesprint [early_d, line_temple, items_1, d_10, items_2, lair_1,
          lair_end, items_3, orc_1, orc_end, items_4, d_15, swamp_1, shoals_1,
          snake_1, spider_1, d_20, vaults_1, items_5, swamp_end, shoals_end,
          snake_end, spider_end, vaults_end, d_27, items_6, zot_1, zot_end,
          crypt_end, forest_end, elf_end, slime_end, tomb_end, abyss_end,
          pan_hell_end]

Skill      XL: |  1  2  3  4 |
---------------+-------------+-----
Spellcasting   | 2 3 |  3.5
Dodging        | 3 4 |  4.9
Unarmed Combat | 4 6 7 |  7.4
Fighting       | |  1.8

Action                     |  1- 3 |  4- 6 || total
---------------------------+-------+-------++-------
  Melee: Unarmed           |    41 |     6 ||    47
         Headbutt          |     5 |       ||     5
         Dire flail        |       |     4 ||     4
   Cast: Beastly Appendage |     2 |       ||     2
         Wereblood         |       |     1 ||     1
    Use: Potion            |     2 |     1 ||     3
 Armour: Robe              |     3 |     1 ||     4
  Dodge: Dodged            |    24 |     6 ||    30

Table legend: (Time is in decaauts)
 A = Elapsed time spent in this place.
 B = Non-inter-level travel time spent in this place.
 C = Inter-level travel time spent in this place.
 D = Time resting spent in this place.
 E = Time spent auto-exploring this place.
 F = Levels seen in this place.
 G = Mean time per level.
                   A        B        C        D        E       F      G
               +--------+--------+--------+--------+--------+-----+--------+
         Total |    296 |    296 |      0 |    104 |      0 |   1 |  296.0 |
       Dungeon |    296 |    296 |      0 |    104 |      0 |   1 |  296.0 |
               +--------+--------+--------+--------+--------+-----+--------+

Top non-repeatable levels by time:
       D: 296 daAuts
